Panthers vs Predators

Created - May 13, 2022 at 20:42

Goals
1 2 3 T
Panthers 1 1 1 3
Predators 0 1 0 1
Shots
1 2 3 T
Panthers 9 6 13 28
Predators 12 11 3 26

1st period

1. Panthers , Oscar Klefbom 2 (Taylor Hall 32, Matt Duchene 51) at 1:13

Penalties :
Mikael Granlund (Nas) for Slashing (Minor) at 11:07, Dalton Prout (Flo) for Interference (Minor) at 17:36

2nd period

2. Predators , Jaden Schwartz 20 (John Moore 15) at 5:02 (SH)
3. Panthers , Matt Duchene 37 (Taylor Hall 33, Jordan Eberle 31) at 15:20 (PP)

Penalties :
Drew Stafford (Flo) for Delaying the game (Minor) at 1:00, Denis Grebeshkov (Nas) for Tripping (Minor) at 4:22, Ryan Kesler (Nas) for Interference (Minor) at 9:45, Justin Faulk (Nas) for Cross-checking (Minor) at 15:05

3rd period

4. Panthers , Benoit Pouliot 13 (Ryan O'Reilly 30) at 5:53

Penalties :
Matt Duchene (Flo) for Tripping (Minor) at 0:22, Dany Heatley (Flo) for Roughing (Minor) at 2:20, Ryan O'Reilly (Flo) for Hooking (Minor) at 14:36

Goalie Stats

Tyler Weiman (Flo), 25 saves from 26 shots - (0.962), W, 5-5-2, 60:00 minutes
Jaroslav Halak (Nas), 25 saves from 28 shots - (0.893), L, 16-12-0, 60:00 minutes

Players Stats for Panthers

Player Name              G  A  P  +/- PIM S  H  SB GA TA FO     MP     PP MP  PK MP  
------------------------------------------------------------------------------------
Adam Larsson             0  0  0   0  0   1  0  2  0  0  0/0    27:52   3:56   5:44 
Benoit Pouliot           1  0  1   0  0   1  2  0  1  0  0/0    15:41   2:39   1:45 
Dalton Prout             0  0  0   1  2   3  1  0  0  0  0/0    20:42   2:16   3:10 
Dan Hamhuis              0  0  0   0  0   1  0  1  0  1  0/0    10:58   0:00   0:32 
Dany Heatley             0  0  0   0  2   0  2  1  0  0  0/0    13:28   0:00   2:15 
Daultan Leveillé         0  0  0   0  0   0  0  0  0  1  1/1     8:14   0:09   1:11 
Drew Stafford            0  0  0   0  2   4  2  1  0  1  1/1    16:43   0:00   4:11 
Jonathan Sigalet         0  0  0   1  0   1  2  2  0  1  0/0    21:42   2:16   5:37 
Jordan Eberle            0  1  1   0  0   3  0  0  0  0  1/3    16:50   3:44   0:00 
Josh Gorges              0  0  0   0  0   1  1  2  0  0  0/0    16:10   0:00   4:17 
Kasperi Kapanen          0  0  0   0  0   0  0  0  0  0  0/0     6:53   0:00   0:00 
Matt Duchene             1  1  2   0  2   6  1  1  0  0  8/19   16:51   3:44   0:02 
Max Reinhart             0  0  0   0  0   0  2  0  1  0  4/10   16:22   0:00   5:12 
Oscar Klefbom            1  0  1   0  0   2  1  0  0  2  0/0    22:36   3:56   0:28 
Ryan O'Reilly            0  1  1   1  2   2  0  0  1  0  8/13   17:14   2:19   2:11 
Taylor Hall              0  2  2   1  0   0  0  1  3  1  0/1    20:46   3:13   2:59 
Teuvo Teravainen         0  0  0   1  0   3  0  1  1  1  1/1    14:05   2:48   0:00 
Valentin Zykov           0  0  0   0  0   0  1  0  0  0  0/0     6:53   0:00   0:00 

Players Stats for Predators

Player Name              G  A  P  +/- PIM S  H  SB GA TA FO     MP     PP MP  PK MP  
------------------------------------------------------------------------------------
Alexander Edler          0  0  0  -1  0   1  1  0  1  0  0/0    26:19   4:50   3:37 
Alexander Ovechkin       0  0  0  -2  0   4  1  1  0  0  4/13   22:45   5:20   3:58 
Andy Miele               0  0  0   0  0   2  0  0  1  0  7/15   17:14   4:33   0:00 
Brad Boyes               0  0  0   0  0   2  0  1  0  0  1/1    13:37   0:01   0:00 
Brendan Gallagher        0  0  0   1  0   3  5  0  1  0  0/0    18:54   4:33   1:31 
Chris Higgins            0  0  0   0  0   0  0  0  0  1  0/0     8:48   0:00   1:25 
Denis Grebeshkov         0  0  0  -1  2   0  0  2  0  0  0/0    13:22   0:00   0:00 
Jack Eichel              0  0  0   0  0   1  2  0  0  0  4/5    12:33   0:00   0:00 
Jaden Schwartz           1  0  1   1  0   2  1  0  0  0  0/0    18:57   4:33   1:31 
John Moore               0  1  1   1  0   0  1  1  0  1  0/0    20:18   5:04   2:35 
Justin Abdelkader        0  0  0   0  0   0  1  1  1  0  0/0    12:27   0:00   0:00 
Justin Faulk             0  0  0   1  2   1  0  1  0  0  0/0    20:02   5:04   2:20 
Mark Pysyk               0  0  0   0  0   0  0  0  0  0  0/0     2:36   0:01   0:00 
Mikael Granlund          0  0  0  -2  2   2  3  0  2  1  0/0    18:12   5:21   2:31 
Mike Brown               0  0  0   0  0   3  0  0  0  0  0/0     9:24   0:00   1:28 
Nate Schmidt             0  0  0  -1  0   0  0  2  0  2  0/0    13:38   0:00   0:15 
Ryan Kesler              0  0  0  -2  2   3  1  1  0  1  9/15   18:19   5:20   0:00 
Ryan Mcdonagh            0  0  0  -1  0   2  1  0  2  1  0/0    26:19   4:50   3:37 

3 Stars

1 - Tyler Weiman (Flo)
2 - Taylor Hall (Flo)
3 - Matt Duchene (Flo)

Power Play

Panthers - 1 on 4 Attempt(s) - 25.00%
Predators - 0 on 5 Attempt(s) - 0.00%

Penalty Kill

Panthers - 5 on 5 Attempt(s) - 100.00% - Score 0 goal in Penalty Kill
Predators - 3 on 4 Attempt(s) - 75.00% - Score 1 goal in Penalty Kill

Team Stat

Panthers - Hits : 15 - Faceoff Wins : 24 - Blocked Shots : 12 - Penalty Minutes : 10
Predators - Hits : 17 - Faceoff Wins : 25 - Blocked Shots : 10 - Penalty Minutes : 8

Official

Referees : Kelly Sutherland and Chris Rooney
Linesman : Steve Barton and James Tobias

Game Notes

No Game Note

Finance

Level 1 -- Attendance: 6000 (100.00%) -- Ticket Income $600,000
Level 2 -- Attendance: 5000 (100.00%) -- Ticket Income $300,000
Level 3 -- Attendance: 1885 (94.25%) -- Ticket Income $65,975
Level 4 -- Attendance: 4000 (100.00%) -- Ticket Income $100,000
Luxury Box -- Attendance: 1000 (100.00%) -- Ticket Income $200,000
Game was played at the Bridgestone arena.
Total Attendance: 17885 (99.36%)
Total Ticket Income: $1,265,975
Other Income: $189,896
Total Income: $1,455,871

Panthers

5 vs 5 Forward 
   Center                   Left Wing                Right Wing               Time % Phy DF OF 
 1 Matt Duchene             Taylor Hall              Jordan Eberle            40     0   2  3  
 2 Ryan O'Reilly            Benoit Pouliot           Teuvo Teravainen         30     0   2  3  
 3 Max Reinhart             Dany Heatley             Drew Stafford            20     1   3  1  
 4 Daultan Leveillé         Valentin Zykov           Kasperi Kapanen          10     1   2  2  

5 vs 5 Defense 
   Defense                  Defense                                           Time % Phy DF OF 
 1 Adam Larsson             Oscar Klefbom                                     40     0   2  3  
 2 Jonathan Sigalet         Dalton Prout                                      30     1   2  2  
 3 Josh Gorges              Dan Hamhuis                                       20     1   2  2  
 4 Adam Larsson             Oscar Klefbom                                     10     0   2  3  

PowerPlay Forward 
   Center                   Left Wing                Right Wing               Time % Phy DF OF 
 1 Matt Duchene             Taylor Hall              Jordan Eberle            60     0   1  4  
 2 Ryan O'Reilly            Benoit Pouliot           Teuvo Teravainen         40     0   1  4  

PowerPlay Defense
   Defense                  Defense                                           Time % Phy DF OF 
 1 Adam Larsson             Oscar Klefbom                                     60     0   2  3  
 2 Jonathan Sigalet         Dalton Prout                                      40     0   2  3  

Penalty Kill 4 Players Forward 
   Center                   Wing                     Time % Phy DF OF 
 1 Max Reinhart             Drew Stafford            60     1   3  1  
 2 Ryan O'Reilly            Taylor Hall              40     1   3  1  

Penalty Kill 4 Players Defense
   Defense                  Defense                  Time % Phy DF OF 
 1 Jonathan Sigalet         Adam Larsson             60     1   4  0  
 2 Dalton Prout             Josh Gorges              40     1   4  0  

Penalty Kill - 3 Players Forward 
   Forward                                           Time % Phy DF OF 
 1 Max Reinhart                                      60     1   3  1  
 2 Drew Stafford                                     40     1   3  1  

Penalty Kill - 3 Players Defense
   Defense                  Defense                  Time % Phy DF OF 
 1 Jonathan Sigalet         Adam Larsson             60     1   4  0  
 2 Dalton Prout             Josh Gorges              40     1   4  0  

4 vs 4 Forward 
   Center                   Wing                     Time % Phy DF OF 
 1 Matt Duchene             Taylor Hall              60     0   2  3  
 2 Ryan O'Reilly            Jordan Eberle            40     0   2  3  

4 vs 4 Defense
   Defense                  Defense                  Time % Phy DF OF 
 1 Adam Larsson             Oscar Klefbom            60     0   2  3  
 2 Jonathan Sigalet         Dalton Prout             40     1   2  2  

Last Minutes Offensive
   Center                   Left Wing                Right Wing               Defense                  Defense                  
   Matt Duchene             Taylor Hall              Jordan Eberle            Adam Larsson             Oscar Klefbom            

Last Minutes Defensive
   Center                   Left Wing                Right Wing               Defense                  Defense                  
   Max Reinhart             Taylor Hall              Drew Stafford            Jonathan Sigalet         Adam Larsson             

Goaltenders
Starting : Tyler Weiman             
Backup : Petr Mrazek              

Extra Forwards
Normal : Teuvo Teravainen, Taylor Hall, Matt Duchene - PP : Teuvo Teravainen, Taylor Hall - PK : Dany Heatley
Extra Defensemen
Normal : Dalton Prout, Adam Larsson, Oscar Klefbom - PP : Josh Gorges - PK : Josh Gorges, Oscar Klefbom
Penalty Shots
Benoit Pouliot, Valentin Zykov, Teuvo Teravainen, Taylor Hall, Ryan O'Reilly

Scratches
Erik Gudbranson (Separated Right Shoulder Injury), Jeremy Morin (Broken Bone (Left Arm) Injury)

Predators

5 vs 5 Forward 
   Center                   Left Wing                Right Wing               Time % Phy DF OF 
 1 Ryan Kesler              Alexander Ovechkin       Mikael Granlund          40     1   2  2  
 2 Andy Miele               Jaden Schwartz           Brendan Gallagher        30     1   2  2  
 3 Jack Eichel              Justin Abdelkader        Brad Boyes               20     1   2  2  
 4 Alexander Ovechkin       Chris Higgins            Mike Brown               10     1   2  2  

5 vs 5 Defense 
   Defense                  Defense                                           Time % Phy DF OF 
 1 Ryan Mcdonagh            Alexander Edler                                   40     1   2  2  
 2 John Moore               Justin Faulk                                      30     1   2  2  
 3 Denis Grebeshkov         Nate Schmidt                                      20     1   2  2  
 4 Ryan Mcdonagh            Alexander Edler                                   10     1   2  2  

PowerPlay Forward 
   Center                   Left Wing                Right Wing               Time % Phy DF OF 
 1 Ryan Kesler              Alexander Ovechkin       Mikael Granlund          60     1   2  2  
 2 Andy Miele               Jaden Schwartz           Brendan Gallagher        40     1   2  2  

PowerPlay Defense
   Defense                  Defense                                           Time % Phy DF OF 
 1 Ryan Mcdonagh            Alexander Edler                                   60     1   2  2  
 2 John Moore               Justin Faulk                                      40     1   2  2  

Penalty Kill 4 Players Forward 
   Center                   Wing                     Time % Phy DF OF 
 1 Alexander Ovechkin       Mikael Granlund          60     1   2  2  
 2 Brendan Gallagher        Jaden Schwartz           40     1   2  2  

Penalty Kill 4 Players Defense
   Defense                  Defense                  Time % Phy DF OF 
 1 Ryan Mcdonagh            Alexander Edler          60     1   2  2  
 2 John Moore               Justin Faulk             40     1   2  2  

Penalty Kill - 3 Players Forward 
   Forward                                           Time % Phy DF OF 
 1 Alexander Ovechkin                                60     1   2  2  
 2 Mikael Granlund                                   40     1   2  2  

Penalty Kill - 3 Players Defense
   Defense                  Defense                  Time % Phy DF OF 
 1 Ryan Mcdonagh            Alexander Edler          60     1   2  2  
 2 John Moore               Justin Faulk             40     1   2  2  

4 vs 4 Forward 
   Center                   Wing                     Time % Phy DF OF 
 1 Alexander Ovechkin       Mikael Granlund          60     1   2  2  
 2 Brendan Gallagher        Jaden Schwartz           40     1   2  2  

4 vs 4 Defense
   Defense                  Defense                  Time % Phy DF OF 
 1 Ryan Mcdonagh            Alexander Edler          60     1   2  2  
 2 John Moore               Justin Faulk             40     1   2  2  

Last Minutes Offensive
   Center                   Left Wing                Right Wing               Defense                  Defense                  
   Ryan Kesler              Alexander Ovechkin       Mikael Granlund          Ryan Mcdonagh            Alexander Edler          

Last Minutes Defensive
   Center                   Left Wing                Right Wing               Defense                  Defense                  
   Ryan Kesler              Alexander Ovechkin       Mikael Granlund          Ryan Mcdonagh            Alexander Edler          

Goaltenders
Starting : Jaroslav Halak           
Backup : Kari Lehtonen            

Extra Forwards
Normal : Mark Pysyk, Brad Boyes, Mike Brown - PP : Mark Pysyk, Brad Boyes - PK : Mike Brown
Extra Defensemen
Normal : Denis Grebeshkov, Nate Schmidt, John Moore - PP : Denis Grebeshkov - PK : Nate Schmidt, John Moore
Penalty Shots
Alexander Ovechkin, Mikael Granlund, Brendan Gallagher, Jaden Schwartz, Ryan Kesler

Scratches
Scott Laughton (Healthy)

% Time on Ice - Panthers

Lines # - Real PCT - Wanted PCT - Time Play
Normal Forward
1 - 30% - 40% - 13:06
2 - 29% - 30% - 12:45
3 - 25% - 20% - 11:10
4 - 16% - 10% - 6:53
Normal Defense
1 - 39% - 40% - 17:15
2 - 35% - 30% - 15:17
3 - 24% - 20% - 10:25
4 - 2% - 10% - 0:57
PP Forward
1 - 60% - 60% - 3:44
2 - 40% - 40% - 2:28
PP Defense
1 - 63% - 60% - 3:56
2 - 37% - 40% - 2:16
PK Forward
1 - 70% - 60% - 6:54
2 - 30% - 40% - 2:59
PK Defense
1 - 57% - 60% - 5:36
2 - 43% - 40% - 4:17
PK3 Forward
1 - 100% - 60% - 0:01
2 - 0% - 40% - 0:00
PK3 Defense
1 - 100% - 60% - 0:01
2 - 0% - 40% - 0:00
44 Forward
1 - 0% - 60%
2 - 0% - 40%
44 Defense
1 - 0% - 60%
2 - 0% - 40%
Last Minute Offensive  - 0:00
Last Minute Defensive  - 0:00
Total
Forward - 60:00
Defense - 60:00

% Time on Ice - Predators

Lines # - Real PCT - Wanted PCT - Time Play
Normal Forward
1 - 31% - 40% - 13:27
2 - 32% - 30% - 13:52
3 - 28% - 20% - 12:27
4 - 9% - 10% - 4:08
Normal Defense
1 - 40% - 40% - 17:23
2 - 29% - 30% - 12:39
3 - 30% - 20% - 13:23
4 - 1% - 10% - 0:29
PP Forward
1 - 54% - 60% - 5:21
2 - 46% - 40% - 4:33
PP Defense
1 - 49% - 60% - 4:50
2 - 51% - 40% - 5:04
PK Forward
1 - 76% - 60% - 4:41
2 - 24% - 40% - 1:31
PK Defense
1 - 58% - 60% - 3:37
2 - 42% - 40% - 2:35
PK3 Forward
1 - 0% - 60%
2 - 0% - 40%
PK3 Defense
1 - 0% - 60%
2 - 0% - 40%
44 Forward
1 - 0% - 60%
2 - 0% - 40%
44 Defense
1 - 0% - 60%
2 - 0% - 40%
Last Minute Offensive  - 0:00
Last Minute Defensive  - 0:00
Total
Forward - 60:00
Defense - 60:00

Play-by-Play

1st period


0:01 of 1st period - Ryan Kesler wins face-off versus Matt Duchene in neutral zone.
0:10 of 1st period - Slapshot by Alexander Ovechkin.
0:10 of 1st period - Stopped by Tyler Weiman with a rebound.
0:12 of 1st period - Wrist shot by Alexander Ovechkin.
0:12 of 1st period - Shot Misses the Net.
0:14 of 1st period - Wrist shot by Ryan Mcdonagh.
0:14 of 1st period - Deflect By Matt Duchene.
0:14 of 1st period - Stopped by Tyler Weiman without a rebound.
0:15 of 1st period - Andy Miele wins face-off versus Ryan O'Reilly in Panthers zone.
0:30 of 1st period - Snap shot by Jaden Schwartz.
0:30 of 1st period - Deflect By Brendan Gallagher.
0:30 of 1st period - Stopped by Tyler Weiman with a rebound.
0:40 of 1st period - Jack Eichel is hit by Dany Heatley and loses puck.
1:09 of 1st period - Slapshot by Taylor Hall.
1:09 of 1st period - Shot Blocked by Denis Grebeshkov.
1:11 of 1st period - Snap shot by Oscar Klefbom.
1:11 of 1st period - Shot Misses the Net.
1:13 of 1st period - Slapshot by Oscar Klefbom.
1:13 of 1st period - Goal by Oscar Klefbom - Panthers : 1 - Predators : 0.
1:14 of 1st period - Daultan Leveillé wins face-off versus Alexander Ovechkin in neutral zone.
2:08 of 1st period - Slapshot by Matt Duchene.
2:08 of 1st period - Shot Misses the Net.
2:10 of 1st period - Slapshot by Oscar Klefbom.
2:10 of 1st period - Stopped by Jaroslav Halak without a rebound.
2:11 of 1st period - Ryan Kesler wins face-off versus Matt Duchene in Predators zone.
2:16 of 1st period - Wrist shot by Alexander Edler.
2:16 of 1st period - Shot Blocked by Taylor Hall.
2:28 of 1st period - Wrist shot by Mikael Granlund.
2:28 of 1st period - Stopped by Tyler Weiman with a rebound.
2:38 of 1st period - Jordan Eberle is hit by Justin Abdelkader and loses puck.
2:49 of 1st period - Snap shot by Justin Abdelkader.
2:49 of 1st period - Deflect By Brad Boyes.
2:49 of 1st period - Stopped by Tyler Weiman without a rebound.
2:50 of 1st period - Ryan O'Reilly wins face-off versus Andy Miele in Panthers zone.
3:07 of 1st period - Snap shot by Ryan O'Reilly.
3:07 of 1st period - Stopped by Jaroslav Halak with a rebound.
3:54 of 1st period - Slapshot by Jack Eichel.
3:54 of 1st period - Shot Misses the Net.
4:11 of 1st period - Snap shot by Alexander Ovechkin.
4:11 of 1st period - Stopped by Tyler Weiman without a rebound.
4:12 of 1st period - Alexander Ovechkin wins face-off versus Matt Duchene in Panthers zone.
4:13 of 1st period - Snap shot by Mike Brown.
4:13 of 1st period - Stopped by Tyler Weiman with a rebound.
4:23 of 1st period - Snap shot by Matt Duchene.
4:23 of 1st period - Stopped by Jaroslav Halak without a rebound.
4:24 of 1st period - Ryan O'Reilly wins face-off versus Andy Miele in Predators zone.
4:35 of 1st period - Oscar Klefbom is hit by Brendan Gallagher and loses puck.
4:40 of 1st period - Wrist shot by Brendan Gallagher.
4:40 of 1st period - Stopped by Tyler Weiman with a rebound.
5:20 of 1st period - Slapshot by Mike Brown.
5:20 of 1st period - Shot Misses the Net.
6:04 of 1st period - Wrist shot by Justin Abdelkader.
6:04 of 1st period - Shot Misses the Net.
6:06 of 1st period - Wrist shot by Jack Eichel.
6:06 of 1st period - Stopped by Tyler Weiman with a rebound.
6:08 of 1st period - Slapshot by Justin Faulk.
6:08 of 1st period - Stopped by Tyler Weiman with a rebound.
6:10 of 1st period - Snap shot by John Moore.
6:10 of 1st period - Shot Blocked by Josh Gorges.
6:12 of 1st period - Snap shot by Jack Eichel.
6:12 of 1st period - Shot Misses the Net.
6:58 of 1st period - Wrist shot by Daultan Leveillé.
6:58 of 1st period - Shot Misses the Net.
7:24 of 1st period - Adam Larsson is hit by Brendan Gallagher and loses puck.
7:34 of 1st period - Icing by Dalton Prout.
7:35 of 1st period - Alexander Ovechkin wins face-off versus Matt Duchene in Panthers zone.
7:36 of 1st period - Wrist shot by Mike Brown.
7:36 of 1st period - Stopped by Tyler Weiman with a rebound.
7:38 of 1st period - Slapshot by Nate Schmidt.
7:38 of 1st period - Shot Blocked by Jonathan Sigalet.
7:52 of 1st period - Snap shot by Matt Duchene.
7:52 of 1st period - Shot Misses the Net.
8:09 of 1st period - Slapshot by Jordan Eberle.
8:09 of 1st period - Shot Misses the Net.
8:21 of 1st period - Snap shot by Taylor Hall.
8:21 of 1st period - Deflect By Teuvo Teravainen.
8:21 of 1st period - Stopped by Jaroslav Halak with a rebound.
8:37 of 1st period - Teuvo Teravainen is hit by Brendan Gallagher and loses puck.
10:27 of 1st period - Slapshot by Teuvo Teravainen.
10:27 of 1st period - Stopped by Jaroslav Halak without a rebound.
10:28 of 1st period - Ryan O'Reilly wins face-off versus Jack Eichel in Predators zone.
10:57 of 1st period - Snap shot by Brad Boyes.
10:57 of 1st period - Stopped by Tyler Weiman without a rebound.
10:58 of 1st period - Matt Duchene wins face-off versus Ryan Kesler in Panthers zone.
11:05 of 1st period - Slapshot by Jordan Eberle.
11:05 of 1st period - Shot Blocked by Alexander Ovechkin.
11:07 of 1st period - Minor Penalty to Mikael Granlund for Slashing.
11:08 of 1st period - Matt Duchene wins face-off versus Alexander Ovechkin in Predators zone.
11:11 of 1st period - Snap shot by Matt Duchene.
11:11 of 1st period - Stopped by Jaroslav Halak without a rebound.
11:12 of 1st period - Alexander Ovechkin wins face-off versus Matt Duchene in Predators zone.
11:38 of 1st period - Off-side.
11:39 of 1st period - Ryan O'Reilly wins face-off versus Alexander Ovechkin in neutral zone.
11:41 of 1st period - Off-side.
11:42 of 1st period - Ryan O'Reilly wins face-off versus Alexander Ovechkin in neutral zone.
11:47 of 1st period - Snap shot by Teuvo Teravainen.
11:47 of 1st period - Stopped by Jaroslav Halak without a rebound.
11:48 of 1st period - Alexander Ovechkin wins face-off versus Jordan Eberle in Predators zone.
13:07 of 1st period - Penalty to Mikael Granlund is over, Mikael Granlund is back on ice.
14:04 of 1st period - Snap shot by Ryan O'Reilly.
14:04 of 1st period - Shot Misses the Net.
14:55 of 1st period - Snap shot by Teuvo Teravainen.
14:55 of 1st period - Shot Misses the Net.
15:40 of 1st period - Snap shot by Matt Duchene.
15:40 of 1st period - Shot Misses the Net.
15:42 of 1st period - Wrist shot by Jordan Eberle.
15:42 of 1st period - Stopped by Jaroslav Halak without a rebound.
15:43 of 1st period - Andy Miele wins face-off versus Ryan O'Reilly in Predators zone.
16:43 of 1st period - Slapshot by Ryan Mcdonagh.
16:43 of 1st period - Shot Misses the Net.
16:45 of 1st period - Wrist shot by Ryan Kesler.
16:45 of 1st period - Shot Blocked by Matt Duchene.
17:36 of 1st period - Minor Penalty to Dalton Prout for Interference.
17:37 of 1st period - Ryan Kesler wins face-off versus Max Reinhart in Panthers zone.
18:01 of 1st period - Adam Larsson is hit by Brendan Gallagher and loses puck.
19:36 of 1st period - Penalty to Dalton Prout is over, Dalton Prout is back on ice.
19:49 of 1st period - Jordan Eberle is hit by Jack Eichel and loses puck.
Goals for this period are 1 for Panthers vs 0 for Predators.
Shots for this period are 9 for Panthers vs 12 for Predators.

2nd period


0:01 of 2nd period - Matt Duchene wins face-off versus Ryan Kesler in neutral zone.
0:04 of 2nd period - Mikael Granlund is hit by Oscar Klefbom.
0:50 of 2nd period - Slapshot by Adam Larsson.
0:50 of 2nd period - Stopped by Jaroslav Halak without a rebound.
0:51 of 2nd period - Jack Eichel wins face-off versus Max Reinhart in Predators zone.
0:51 of 2nd period - Jack Eichel is hit by Jonathan Sigalet.
1:00 of 2nd period - Minor Penalty to Drew Stafford for Delaying the game.
1:01 of 2nd period - Ryan Kesler wins face-off versus Max Reinhart in Panthers zone.
1:03 of 2nd period - Slapshot by Alexander Ovechkin.
1:03 of 2nd period - Stopped by Tyler Weiman with a rebound.
1:05 of 2nd period - Snap shot by Ryan Kesler.
1:05 of 2nd period - Shot Blocked by Dany Heatley.
1:07 of 2nd period - Snap shot by Mikael Granlund.
1:07 of 2nd period - Shot Misses the Net.
1:27 of 2nd period - Benoit Pouliot is hit by Ryan Mcdonagh and loses puck.
2:45 of 2nd period - Ryan Kesler is hit by Dalton Prout and loses puck.
3:00 of 2nd period - Penalty to Drew Stafford is over, Drew Stafford is back on ice.
3:05 of 2nd period - Icing by Ryan O'Reilly.
3:06 of 2nd period - Jack Eichel wins face-off versus Ryan O'Reilly in Panthers zone.
3:13 of 2nd period - Backhand shot by Justin Abdelkader.
3:13 of 2nd period - Shot Blocked by Josh Gorges.
3:37 of 2nd period - Snap shot by Ryan O'Reilly.
3:37 of 2nd period - Shot Misses the Net.
4:22 of 2nd period - Minor Penalty to Denis Grebeshkov for Tripping.
4:23 of 2nd period - Matt Duchene wins face-off versus Alexander Ovechkin in Predators zone.
5:02 of 2nd period - Slapshot by Jaden Schwartz.
5:02 of 2nd period - Goal by Jaden Schwartz - Panthers : 1 - Predators : 1.
5:03 of 2nd period - Matt Duchene wins face-off versus Alexander Ovechkin in neutral zone.
6:22 of 2nd period - Penalty to Denis Grebeshkov is over, Denis Grebeshkov is back on ice.
6:38 of 2nd period - Snap shot by Andy Miele.
6:38 of 2nd period - Stopped by Tyler Weiman with a rebound.
7:22 of 2nd period - Snap shot by Mike Brown.
7:22 of 2nd period - Stopped by Tyler Weiman with a rebound.
7:24 of 2nd period - Slapshot by Alexander Ovechkin.
7:24 of 2nd period - Stopped by Tyler Weiman without a rebound.
7:25 of 2nd period - Max Reinhart wins face-off versus Andy Miele in Panthers zone.
8:59 of 2nd period - Alexander Edler is hit by Dany Heatley and loses puck.
9:31 of 2nd period - Off-side.
9:32 of 2nd period - Teuvo Teravainen wins face-off versus Ryan Kesler in neutral zone.
9:45 of 2nd period - Minor Penalty to Ryan Kesler for Interference.
9:46 of 2nd period - Matt Duchene wins face-off versus Alexander Ovechkin in Predators zone.
10:12 of 2nd period - Alexander Edler is hit by Benoit Pouliot and loses puck.
11:45 of 2nd period - Penalty to Ryan Kesler is over, Ryan Kesler is back on ice.
11:51 of 2nd period - Mike Brown is hit by Drew Stafford and loses puck.
12:23 of 2nd period - Wrist shot by Max Reinhart.
12:23 of 2nd period - Shot Misses the Net.
12:33 of 2nd period - Ryan Kesler is hit by Max Reinhart and loses puck.
13:02 of 2nd period - Snap shot by Max Reinhart.
13:02 of 2nd period - Shot Blocked by Denis Grebeshkov.
13:04 of 2nd period - Slapshot by Dalton Prout.
13:04 of 2nd period - Stopped by Jaroslav Halak with a rebound.
13:10 of 2nd period - Denis Grebeshkov is hit by Max Reinhart and loses puck.
13:53 of 2nd period - Max Reinhart is hit by Ryan Kesler.
13:57 of 2nd period - Chris Higgins is hit by Jonathan Sigalet and loses puck.
14:18 of 2nd period - Alexander Edler is hit by Drew Stafford and loses puck.
14:39 of 2nd period - Slapshot by Mike Brown.
14:39 of 2nd period - Shot Misses the Net.
14:41 of 2nd period - Slapshot by Ryan Kesler.
14:41 of 2nd period - Stopped by Tyler Weiman with a rebound.
14:43 of 2nd period - Slapshot by Ryan Kesler.
14:43 of 2nd period - Shot Blocked by Drew Stafford.
14:45 of 2nd period - Slapshot by Alexander Edler.
14:45 of 2nd period - Shot Blocked by Jonathan Sigalet.
14:47 of 2nd period - Snap shot by Alexander Edler.
14:47 of 2nd period - Shot Misses the Net.
14:55 of 2nd period - Snap shot by Ryan Kesler.
14:55 of 2nd period - Shot Misses the Net.
14:57 of 2nd period - Backhand shot by Ryan Kesler.
14:57 of 2nd period - Stopped by Tyler Weiman with a rebound.
14:59 of 2nd period - Slapshot by Alexander Edler.
14:59 of 2nd period - Stopped by Tyler Weiman without a rebound.
15:00 of 2nd period - Matt Duchene wins face-off versus Andy Miele in Panthers zone.
15:00 of 2nd period - Matt Duchene is hit by John Moore.
15:05 of 2nd period - Minor Penalty to Justin Faulk for Cross-checking.
15:06 of 2nd period - Matt Duchene wins face-off versus Alexander Ovechkin in Predators zone.
15:08 of 2nd period - Backhand shot by Jordan Eberle.
15:08 of 2nd period - Stopped by Jaroslav Halak with a rebound.
15:20 of 2nd period - Snap shot by Matt Duchene.
15:20 of 2nd period - Goal by Matt Duchene - Panthers : 2 - Predators : 1.
15:21 of 2nd period - Andy Miele wins face-off versus Matt Duchene in neutral zone.
15:29 of 2nd period - Icing by Oscar Klefbom.
15:30 of 2nd period - Jordan Eberle wins face-off versus Andy Miele in Panthers zone.
15:43 of 2nd period - Wrist shot by Matt Duchene.
15:43 of 2nd period - Deflect By Jordan Eberle.
15:43 of 2nd period - Deflect By Jaden Schwartz.
15:43 of 2nd period - Stopped by Jaroslav Halak without a rebound.
15:44 of 2nd period - Andy Miele wins face-off versus Taylor Hall in Predators zone.
15:48 of 2nd period - Off-side.
15:49 of 2nd period - Andy Miele wins face-off versus Matt Duchene in neutral zone.
15:54 of 2nd period - Slapshot by Jaden Schwartz.
15:54 of 2nd period - Stopped by Tyler Weiman with a rebound.
15:56 of 2nd period - Slapshot by Andy Miele.
15:56 of 2nd period - Shot Misses the Net.
15:58 of 2nd period - Slapshot by Alexander Edler.
15:58 of 2nd period - Shot Misses the Net.
16:04 of 2nd period - Wrist shot by Andy Miele.
16:04 of 2nd period - Stopped by Tyler Weiman with a rebound.
17:38 of 2nd period - Denis Grebeshkov is hit by Matt Duchene and loses puck.
17:49 of 2nd period - Snap shot by Denis Grebeshkov.
17:49 of 2nd period - Shot Blocked by Adam Larsson.
18:33 of 2nd period - Slapshot by Daultan Leveillé.
18:33 of 2nd period - Shot Blocked by Brad Boyes.
19:11 of 2nd period - Snap shot by Dalton Prout.
19:11 of 2nd period - Deflect By Justin Abdelkader.
19:11 of 2nd period - Stopped by Jaroslav Halak without a rebound.
19:12 of 2nd period - Brad Boyes wins face-off versus Ryan O'Reilly in Predators zone.
19:27 of 2nd period - Wrist shot by Dalton Prout.
19:27 of 2nd period - Shot Blocked by Nate Schmidt.
19:37 of 2nd period - Dalton Prout is hit by Jaden Schwartz.
19:51 of 2nd period - Wrist shot by Mikael Granlund.
19:51 of 2nd period - Stopped by Tyler Weiman without a rebound.
19:52 of 2nd period - Ryan O'Reilly wins face-off versus Alexander Ovechkin in Panthers zone.
19:57 of 2nd period - Wrist shot by Mikael Granlund.
19:57 of 2nd period - Shot Blocked by Teuvo Teravainen.
Goals for this period are 1 for Panthers vs 1 for Predators.
Shots for this period are 6 for Panthers vs 11 for Predators.

3rd period


0:01 of 3rd period - Ryan Kesler wins face-off versus Matt Duchene in neutral zone.
0:22 of 3rd period - Minor Penalty to Matt Duchene for Tripping.
0:23 of 3rd period - Ryan Kesler wins face-off versus Max Reinhart in Panthers zone.
1:15 of 3rd period - Snap shot by Ryan O'Reilly.
1:15 of 3rd period - Stopped by Jaroslav Halak without a rebound.
1:16 of 3rd period - Max Reinhart wins face-off versus Ryan Kesler in Predators zone.
2:03 of 3rd period - Max Reinhart is hit by Alexander Ovechkin and loses puck.
2:20 of 3rd period - Minor Penalty to Dany Heatley for Roughing.
2:21 of 3rd period - Max Reinhart wins face-off versus Andy Miele in Panthers zone.
2:22 of 3rd period - Penalty to Matt Duchene is over, Matt Duchene is back on ice.
2:54 of 3rd period - Wrist shot by Ryan Kesler.
2:54 of 3rd period - Shot Blocked by Adam Larsson.
2:56 of 3rd period - Slapshot by John Moore.
2:56 of 3rd period - Deflect By Ryan Kesler.
2:56 of 3rd period - Stopped by Tyler Weiman with a rebound.
4:20 of 3rd period - Penalty to Dany Heatley is over, Dany Heatley is back on ice.
4:30 of 3rd period - Matt Duchene is hit by Jack Eichel and loses puck.
4:39 of 3rd period - Wrist shot by Justin Abdelkader.
4:39 of 3rd period - Shot Blocked by Dan Hamhuis.
4:59 of 3rd period - Wrist shot by Chris Higgins.
4:59 of 3rd period - Deflect By Mike Brown.
4:59 of 3rd period - Shot Misses the Net.
4:59 of 3rd period - Puck is out of play.
5:00 of 3rd period - Jack Eichel wins face-off versus Ryan O'Reilly in Panthers zone.
5:49 of 3rd period - Wrist shot by Drew Stafford.
5:49 of 3rd period - Shot Blocked by Nate Schmidt.
5:51 of 3rd period - Backhand shot by Drew Stafford.
5:51 of 3rd period - Stopped by Jaroslav Halak without a rebound.
5:52 of 3rd period - Ryan O'Reilly wins face-off versus Ryan Kesler in Predators zone.
5:53 of 3rd period - Snap shot by Benoit Pouliot.
5:53 of 3rd period - Goal by Benoit Pouliot - Panthers : 3 - Predators : 1.
5:54 of 3rd period - Ryan Kesler wins face-off versus Matt Duchene in neutral zone.
6:11 of 3rd period - Snap shot by Taylor Hall.
6:11 of 3rd period - Shot Blocked by Ryan Kesler.
6:52 of 3rd period - Wrist shot by Drew Stafford.
6:52 of 3rd period - Stopped by Jaroslav Halak without a rebound.
6:53 of 3rd period - Ryan Kesler wins face-off versus Matt Duchene in Predators zone.
7:47 of 3rd period - Slapshot by Oscar Klefbom.
7:47 of 3rd period - Shot Misses the Net.
7:49 of 3rd period - Snap shot by Dany Heatley.
7:49 of 3rd period - Shot Misses the Net.
8:23 of 3rd period - Wrist shot by Mike Brown.
8:23 of 3rd period - Shot Misses the Net.
8:25 of 3rd period - Slapshot by Alexander Edler.
8:25 of 3rd period - Deflect By Brendan Gallagher.
8:25 of 3rd period - Stopped by Tyler Weiman with a rebound.
8:27 of 3rd period - Slapshot by Ryan Mcdonagh.
8:27 of 3rd period - Stopped by Tyler Weiman without a rebound.
8:28 of 3rd period - Ryan O'Reilly wins face-off versus Andy Miele in Panthers zone.
8:39 of 3rd period - Snap shot by Teuvo Teravainen.
8:39 of 3rd period - Shot Misses the Net.
8:41 of 3rd period - Snap shot by Dan Hamhuis.
8:41 of 3rd period - Stopped by Jaroslav Halak with a rebound.
8:55 of 3rd period - Mikael Granlund is hit by Josh Gorges and loses puck.
9:20 of 3rd period - Slapshot by Dalton Prout.
9:20 of 3rd period - Shot Blocked by Justin Abdelkader.
9:26 of 3rd period - Snap shot by Justin Abdelkader.
9:26 of 3rd period - Shot Misses the Net.
10:33 of 3rd period - Backhand shot by Matt Duchene.
10:33 of 3rd period - Stopped by Jaroslav Halak with a rebound.
10:45 of 3rd period - Slapshot by Brendan Gallagher.
10:45 of 3rd period - Shot Misses the Net.
11:10 of 3rd period - Slapshot by Daultan Leveillé.
11:10 of 3rd period - Shot Misses the Net.
12:26 of 3rd period - Jaden Schwartz is hit by Valentin Zykov and loses puck.
13:01 of 3rd period - Wrist shot by Matt Duchene.
13:01 of 3rd period - Stopped by Jaroslav Halak with a rebound.
13:15 of 3rd period - Snap shot by Josh Gorges.
13:15 of 3rd period - Stopped by Jaroslav Halak without a rebound.
13:16 of 3rd period - Drew Stafford wins face-off versus Andy Miele in Predators zone.
13:49 of 3rd period - Wrist shot by Matt Duchene.
13:49 of 3rd period - Stopped by Jaroslav Halak with a rebound.
13:51 of 3rd period - Slapshot by Dalton Prout.
13:51 of 3rd period - Stopped by Jaroslav Halak without a rebound.
13:52 of 3rd period - Jack Eichel wins face-off versus Matt Duchene in Predators zone.
14:19 of 3rd period - Benoit Pouliot is hit by Mikael Granlund and loses puck.
14:28 of 3rd period - Wrist shot by Alexander Ovechkin.
14:28 of 3rd period - Shot Misses the Net.
14:30 of 3rd period - Wrist shot by Mikael Granlund.
14:30 of 3rd period - Shot Misses the Net.
14:36 of 3rd period - Minor Penalty to Ryan O'Reilly for Hooking.
14:37 of 3rd period - Ryan Kesler wins face-off versus Max Reinhart in Panthers zone.
15:16 of 3rd period - Slapshot by Taylor Hall.
15:16 of 3rd period - Deflect By Dany Heatley.
15:16 of 3rd period - Deflect By Alexander Edler.
15:16 of 3rd period - Shot Misses the Net.
15:16 of 3rd period - Puck is out of play.
15:17 of 3rd period - Max Reinhart wins face-off versus Ryan Kesler in Predators zone.
15:24 of 3rd period - Snap shot by Drew Stafford.
15:24 of 3rd period - Stopped by Jaroslav Halak with a rebound.
15:26 of 3rd period - Snap shot by Max Reinhart.
15:26 of 3rd period - Shot Blocked by Justin Faulk.
15:56 of 3rd period - Adam Larsson is hit by Alexander Edler and loses puck.
16:13 of 3rd period - Jonathan Sigalet is hit by Mikael Granlund and loses puck.
16:36 of 3rd period - Penalty to Ryan O'Reilly is over, Ryan O'Reilly is back on ice.
16:47 of 3rd period - Snap shot by Justin Abdelkader.
16:47 of 3rd period - Shot Misses the Net.
16:55 of 3rd period - Jack Eichel is hit by Benoit Pouliot and loses puck.
18:00 of 3rd period - Daultan Leveillé is hit by Brendan Gallagher and loses puck.
18:13 of 3rd period - Taylor Hall is hit by Mikael Granlund and loses puck.
18:57 of 3rd period - Slapshot by Jonathan Sigalet.
18:57 of 3rd period - Stopped by Jaroslav Halak without a rebound.
18:58 of 3rd period - Andy Miele wins face-off versus Jordan Eberle in Predators zone.
19:21 of 3rd period - Wrist shot by Max Reinhart.
19:21 of 3rd period - Shot Misses the Net.
19:23 of 3rd period - Wrist shot by Dany Heatley.
19:23 of 3rd period - Shot Misses the Net.
19:25 of 3rd period - Snap shot by Drew Stafford.
19:25 of 3rd period - Stopped by Jaroslav Halak without a rebound.
19:26 of 3rd period - Andy Miele wins face-off versus Max Reinhart in Predators zone.
19:41 of 3rd period - Slapshot by Dalton Prout.
19:41 of 3rd period - Shot Blocked by John Moore.
19:57 of 3rd period - Slapshot by Alexander Edler.
19:57 of 3rd period - Shot Misses the Net.
Goals for this period are 1 for Panthers vs 0 for Predators.
Shots for this period are 13 for Panthers vs 3 for Predators.